 Dungeon Crawl Stone Soup version 0.31-a0-1597-ge7908ec95f (webtiles) character file.

Game seed: 8362070488000027942

14089 James the Slicer (level 12, -5/61 HPs)
             Began as a Vine Stalker Fighter on Jan 7, 2024.
             Was a Believer of Uskayaw.
             Incinerated by a deep elf pyromancer (8 damage)
             ... with a pyre arrow
             ... on level 11 of the Dungeon.
             The game lasted 01:03:05 (12102 turns).

James the Slicer (Vine Stalker Fighter)            Turns: 12102, Time: 01:03:06

Health: -5/61      AC: 17    Str: 26    XL:     12   Next: 12%
Magic:  0/15       EV: 14    Int:  8    God:    Uskayaw [**....]
Gold:   547        SH:  6    Dex: 18    Spells: 11/11 levels left

rFire   . . .        b - +6 rapier (drain)
rCold   . . .        c - +0 buckler
rNeg    . . .        Y - +0 acid dragon scales
rPois   .            S - +2 helmet of Supple Strength {Stlth+}
rElec   .            v - +1 cloak
rCorr   +            C - +2 pair of gloves
SInv    +            F - +0 pair of boots
Will    +....        (no amulet)
Stlth   ++           Z - +6 ring of strength
HPRegen 1.10/turn    z - ring of see invisible
MPRegen 0.14/turn

%: guardian spirit
@: on fire, glowing
A: fangs 3, regeneration 1, magic shield, antimagic bite, no potion heal 2
a: Renounce Religion, Stomp, Line Pass


You were on level 11 of the Dungeon.
You worshipped Uskayaw.
Uskayaw was noncommittal.
You visited 3 branches of the dungeon, and saw 14 of its levels.

You collected 690 gold pieces.
You spent 143 gold pieces at shops.

Inventory:

Hand Weapons
 a - a +1 dagger of electrocution
   (You found it on level 4 of the Dungeon)
 b - a +6 rapier of draining (weapon)
   (You took it off Eustachio on level 5 of the Dungeon)
 h - a +3 short sword
   (You took it off a wight on level 8 of the Dungeon)
 m - a +0 dagger of freezing
   (You found it on level 1 of the Dungeon)
 y - a +0 rapier
 D - a +2 vampiric trident {!w}
   (You took it off Blork the orc on level 5 of the Dungeon)
 H - a +2 trident of venom
   (You found it on level 9 of the Dungeon)
 N - a +2 vampiric dagger {!w}
   (You took it off an orc priest on level 2 of the Dungeon)
 V - a +3 dagger of protection
   (You took it off an orc wizard on level 7 of the Dungeon)
 X - a +2 short sword of draining
   (You found it on level 2 of the Dungeon)
Missiles
 j - 24 boomerangs
 r - 6 throwing nets {!f}
 w - 12 poisoned darts
 R - 3 curare-tipped darts (quivered) {!f}
Armour
 c - a +0 buckler (worn)
 f - a scarf of repulsion
   (You found it on level 9 of the Dungeon)
 q - +0 steam dragon scales
   (You found it on level 8 of the Dungeon)
 v - a +1 cloak (worn)
   (You found it on level 2 of the Dungeon)
 C - a +2 pair of gloves (worn)
   (You found it on level 3 of the Dungeon)
 F - a +0 pair of boots (worn)
   (You found it on level 7 of the Dungeon)
 L - the +1 ring mail "Suburusm" {rCorr Dex+3}
   (You found it on level 10 of the Dungeon)

   Dex+3:     It affects your dexterity (+3).
   rCorr:     It protects you from acid and corrosion.
 O - a +2 chain mail of fire resistance
   (You took it off an orc on level 10 of the Dungeon)
 S - the +2 helmet of Supple Strength (worn) {Stlth+}
   (You found it on level 5 of the Dungeon)

   Stlth+:    It makes you more stealthy.
 T - a +0 robe of positive energy
   (You took it off a wight on level 7 of the Dungeon)
 U - a +1 plate armour of willpower
   (You took it off an orc warrior on level 11 of the Dungeon)
 Y - +0 acid dragon scales (worn)
   (You found it on level 10 of the Dungeon)
Jewellery
 z - a ring of see invisible (right hand)
   (You found it on level 4 of the Dungeon)
 A - a ring of wizardry
   (You found it on level 2 of the Dungeon)
 Z - a +6 ring of strength (left hand)
   (You found it on level 12 of the Dungeon)
Wands
 d - a wand of iceblast (6)
   (You took it off Harold on level 9 of the Dungeon)
 t - a wand of flame (12)
   (You found it on level 9 of the Dungeon)
Scrolls
 e - a scroll of blinking
 i - a scroll of vulnerability {!r}
 l - 3 scrolls of poison {!r}
 p - 2 scrolls of revelation
 B - 2 scrolls of teleportation {@r4}
 K - a scroll of fear
 M - a scroll of immolation {!r}
 W - 2 scrolls of fog
Potions
 k - 2 potions of attraction {!q}
 n - a potion of brilliance {unknown}
 o - 5 potions of mutation {!q}
 s - 6 potions of curing {@q1}
 x - a potion of cancellation {unknown}
 G - a potion of resistance {unknown}
 I - 2 potions of haste {@q3}
 J - 2 potions of enlightenment
 P - 5 potions of might
 Q - 2 potions of berserk rage
Miscellaneous
 g - a phial of floods
   (You found it on level 11 of the Dungeon)
 u - a box of beasts
   (You found it on level 9 of the Dungeon)


   Skills:
 + Level 6.1 Fighting
 + Level 12.3 Short Blades
 - Level 5.0 Throwing
 - Level 5.0 Armour
 - Level 5.0 Dodging
 - Level 7.0 Stealth
 - Level 5.0 Shields
 + Level 3.6 Invocations


You had 11 spell levels left.
You didn't know any spells.
Your spell library contained the following spells:

 Spells                   Type           Power      Damage    Failure   Level
 Freeze                   Ice            0%         1d3       52%         1
 Magic Dart               Conj           0%         1d3       52%         1
 Sandblast                Erth           0%         2d4       52%         1
 Searing Ray              Conj           0%         2d4       67%         2
 Frozen Ramparts          Ice            0%         1d1       88%         3
 Hailstorm                Conj/Ice       0%         3d5       88%         3
 Passwall                 Erth           0%         N/A       88%         3
 Stone Arrow              Conj/Erth      0%         3d7       88%         3
 Brom's Barrelling Bould  Conj/Erth      0%         2d3       99%         4
 Fulminant Prism          Conj/Alch      0%         3d5       99%         4
 Leda's Liquefaction      Alch/Erth      0%         N/A       99%         4
 Petrify                  Alch/Erth      0%         N/A       99%         4
 Alistair's Intoxication  Alch           0%         N/A       100%        5
 Borgnjor's Vile Clutch   Necr/Erth      0%         N/A       100%        5
 Metabolic Englaciation   Hex/Ice        0%         N/A       100%        5
 Eringya's Noxious Bog    Alch           0%         4d6       100%        6


Dungeon Overview and Level Annotations

Branches:
Dungeon (12/15)            Temple (1/1) D:5            Lair (1/5) D:11
    Orc (0/2) D:10

Altars:
Ashenzari
Cheibriados
Dithmenos
Elyvilon
Fedhas
Gozag
Hepliaklqana
Kikubaaqudgha
Makhleb
Nemelex Xobeh
Okawaru
Qazlal
Ru
Sif Muna
Trog
Uskayaw
Vehumet
Wu Jian
Xom
Yredelemnul
Zin
The Shining One

Shops:
D:7 !:

Annotations:
D:7 exclusion: downstairs
D:8 2 transporters, Erica; Jeremiah; Xpym's ghost, novice GrFi
D:10 2 transporters
D:11 exclusion: downstairs, Lodul
D:12 1 runed translucent door, exclusion: 2 skeletal warriors


Innate Abilities, Weirdness & Mutations

You have razor-sharp teeth.
Your natural rate of healing is unusually fast.
When hurt, damage is shared between your health and your magic reserves.
Your bite disrupts and absorbs the magic of your enemies.
Potions cannot restore your health.


Message History

There is a stone staircase leading up here.
You miss the fire elemental. You bite the fire elemental! You drain its power.
You closely miss the fire elemental. You bite the fire elemental!
You drain its power.
The fire elemental completely misses you.
You can now pass through a line of other dancers.
You closely miss the fire elemental. Your bite misses the fire elemental.
A kobold demonologist comes into view. It is wielding a +0 dagger.
The fire elemental hits you. The fire elemental burns you!
You hit the fire elemental. The fire elemental hits you.
The fire elemental burns you!
You miss the fire elemental. Your bite misses the fire elemental.
You puncture the fire elemental! You bite the fire elemental.
You drain its power. The fire elemental hits you. The fire elemental burns you!
You completely miss the fire elemental. Your bite misses the fire elemental.
The fire elemental barely misses you.
You hit the fire elemental. Your bite misses the fire elemental.
The deep elf pyromancer gestures at you while chanting.
The pyre arrow hits you.
You are covered in intense liquid fire!
The fire elemental misses you. The liquid fire burns you!
The fire elemental hits you. The fire elemental burns you!
* * * LOW HITPOINT WARNING * * *
The deep elf pyromancer points at you and mumbles some strange words.
The pyre arrow hits you.
You are even more covered in intense liquid fire!
You shake off some of the fire as you move.
You climb upwards.
Level annotation: exclusion: downstairs, Lodul The liquid fire burns you!
* * * LOW HITPOINT WARNING * * *
There is a stone staircase leading down here.
You shake off some of the fire as you move.
The liquid fire burns you!
* * * LOW HITPOINT WARNING * * *
You shake off some of the fire as you move.
The liquid fire burns you!
* * * LOW HITPOINT WARNING * * *
Okay, then.
Unknown command.
Okay, then.
Unknown command.
Magic courses through your body. The liquid fire burns you!
* * * LOW HITPOINT WARNING * * *
Unknown command.
You shake off some of the fire as you move.
The liquid fire burns you!
You die...

.#####.#.......##########.#.#####
.#.......?...#.#.............#...
.#.####........#.########.####.##
...# #....#............#.#......
#######.#........#####.##.#.##.#.
.................# #.##.#.##.#.
##########.......#####(##.#.##'##
###............>.......##)#......
..#.########....@..>....#)#......
#'#...............[......)#......
...##########...#######.###......
...+........'............)..##...
...##########...######.##########
...# #...# #.............. ...#
####...######.#########≈
.~~#######≈........##... .....≈≈≈
~≈≈≈≈≈#≈≈≈≈~~......##..######≈≈≈≈


There were no monsters in sight!

Vanquished Creatures
  Snorg (D:10)
  Harold (D:9)
  A boulder beetle (D:12)
  3 two-headed ogres
  2 ugly things (D:12)
  A cyclops (D:11)
  A gargoyle (D:11)
  A kobold demonologist (D:9)
  2 hornets
  Sigmund (D:2)
  10 yaks (D:10)
  A steam dragon (D:8)
  Grum (D:11)
  A basilisk (D:12)
  Eustachio (D:5)
  2 vampire mosquitoes (D:12)
  2 acid dragons
  Duvessa (D:5)
  An ice beast (D:6)
  12 orc warriors
  A black bear (D:4)
  A sky beast (D:7)
  6 ogres
  4 wolves (D:11)
  3 centaurs
  4 kobold brigands
  5 bullfrogs
  Blork the orc (D:5)
  3 scorpions
  11 wights
  Dowan (D:5)
  5 killer bees (D:10)
  4 electric eels (D:11)
  8 howler monkeys
  6 orc priests
  8 hounds
  Crazy Yiuf (D:5)
  A jelly (D:5)
  A gnoll bouda (D:8)
  A sleepcap (D:7)
  3 iguanas
  5 orc wizards
  15 gnolls
  9 adders
  A shadow imp (D:5)
  3 white imps
  2 ribbon worms (D:3)
  35 orcs
  7 bats
  9 endoplasms
  3 giant cockroaches
  6 goblins
  11 hobgoblins
  18 kobolds
  5 quokkas
  5 ball pythons
  4 frilled lizards (D:2)
  3 rats
265 creatures vanquished.

Notes
Turn   | Place    | Note
-------+----------+-------------------------------------------
     0 | D:1      | James the Vine Stalker Fighter began the quest for the Orb.
     0 | D:1      | Reached XP level 1. HP: 11/11 MP: 2/2
    84 | D:1      | Reached skill level 2 in Short Blades
   192 | D:1      | Reached XP level 2. HP: 15/16 MP: 3/3
   283 | D:1      | Found a faded altar of an unknown god.
   367 | D:1      | Reached skill level 3 in Short Blades
   609 | D:2      | Reached XP level 3. HP: 19/19 MP: 4/4
   758 | D:2      | Noticed Sigmund
   780 | D:2      | Killed Sigmund
   781 | D:2      | Reached skill level 1 in Dodging
   781 | D:2      | Reached XP level 4. HP: 24/24 MP: 5/5
   781 | D:2      | Reached XP level 5. HP: 28/28 MP: 6/6
  1134 | D:2      | Reached XP level 6. HP: 30/32 MP: 7/7
  1770 | D:3      | Found an ornate altar of the Wu Jian Council.
  2264 | D:2      | Reached skill level 4 in Short Blades
  2605 | D:4      | Reached XP level 7. HP: 36/36 MP: 8/8
  2918 | D:4      | Reached skill level 5 in Stealth
  3132 | D:4      | Found a glowing silver altar of Zin.
  3440 | D:5      | Entered Level 5 of the Dungeon
  3583 | D:5      | Found a staircase to the Ecumenical Temple.
  3599 | Temple   | Entered the Ecumenical Temple
  3660 | D:5      | Identified the +2 helmet of Supple Strength {Stlth+}
  3732 | D:5      | Found a snail-covered altar of Cheibriados.
  3789 | D:5      | Noticed Duvessa
  3789 | D:5      | Noticed Dowan
  3869 | D:4      | Gained mutation: You have razor-sharp teeth. [Vine Stalker
                  | growth]
  3869 | D:4      | Reached XP level 8. HP: 42/42 MP: 9/9
  3939 | D:5      | Noticed Blork the orc
  4066 | D:5      | Noticed Eustachio
  4075 | D:5      | Killed Eustachio
  4323 | D:5      | Found a runed translucent door.
  4324 | D:5      | Noticed Crazy Yiuf
  4331 | D:5      | Killed Crazy Yiuf
  4494 | D:5      | Killed Blork the orc
  4745 | D:6      | Found a hide-covered altar of Uskayaw.
  4745 | D:6      | Noticed a +0 dagger
  4745 | D:6      | Noticed a +0 dagger
  4759 | D:6      | Became a worshipper of Uskayaw the Reveller
  4786 | D:6      | Reached * piety under Uskayaw
  4790 | D:6      | Reached ** piety under Uskayaw
  4855 | D:6      | Reached skill level 5 in Throwing
  4862 | D:6      | Reached *** piety under Uskayaw
  4864 | D:6      | Reached skill level 5 in Short Blades
  4867 | D:6      | Found a stormy altar of Qazlal.
  5043 | D:6      | Reached XP level 9. HP: 45/45 MP: 10/10
  5406 | D:7      | Found Giff's Book Emporium.
  5508 | D:7      | Reached skill level 6 in Short Blades
  5513 | D:7      | Reached **** piety under Uskayaw
  5809 | D:7      | Found an opulent altar of Gozag.
  5810 | D:7      | Found a sparkling altar of Nemelex Xobeh.
  6038 | D:7      | Found a shadowy altar of Dithmenos.
  6038 | D:7      | Found a sacrificial altar of Ru.
  6099 | D:7      | Found Ufooc Lis's Distillery.
  6513 | D:8      | Found a transporter.
  6525 | D:8      | Reached skill level 7 in Short Blades
  6525 | D:8      | Found a transporter.
  6628 | D:8      | Noticed Erica
  6683 | D:8      | Noticed Xpym's ghost (novice GrFi)
  6768 | D:8      | Noticed Jeremiah
  6795 | D:8      | Noticed a moth of wrath
  6796 | D:8      | Noticed a manticore
  6799 | D:8      | Reached skill level 5 in Fighting
  6802 | D:8      | Reached skill level 5 in Shields
  7004 | D:8      | Found a broken altar of Ashenzari.
  7385 | D:5      | Killed Duvessa
  7386 | D:5      | Reached XP level 10. HP: 51/51 MP: 11/11
  7390 | D:5      | Killed Dowan
  7538 | D:7      | Bought a potion of berserk rage for 55 gold pieces
  7538 | D:7      | Bought a potion of magic for 88 gold pieces
  7717 | D:9      | Reached skill level 8 in Short Blades
  7925 | D:9      | Noticed Harold
  7949 | D:9      | Noticed a kobold demonologist
  8039 | D:9      | Killed a kobold demonologist
  8076 | D:9      | Killed Harold
  8077 | D:9      | Reached skill level 9 in Short Blades
  8671 | D:10     | Entered Level 10 of the Dungeon
  8671 | D:10     | Noticed Snorg
  9001 | D:10     | Noticed a red ugly thing
  9002 | D:10     | Noticed a skeletal warrior
  9003 | D:10     | Noticed an ice dragon
  9003 | D:10     | Noticed a necromancer
  9005 | D:10     | Found a transporter.
  9033 | D:10     | Noticed a two-headed ogre
  9051 | D:10     | Killed a two-headed ogre
  9052 | D:10     | Reached skill level 10 in Short Blades
  9084 | D:10     | Found a transporter.
  9287 | D:10     | Found a staircase to the Orcish Mines.
  9323 | D:10     | Reached XP level 11. HP: 32/55 MP: 7/12
  9348 | D:10     | Killed Snorg
  9450 | D:10     | Noticed a two-headed ogre
  9477 | D:10     | Killed a two-headed ogre
  9506 | D:10     | Reached skill level 11 in Short Blades
  9511 | D:10     | Reached ***** piety under Uskayaw
  9604 | D:10     | Identified the +1 ring mail "Suburusm" {rCorr Dex+3}
  9673 | D:10     | Found an ancient bone altar of Kikubaaqudgha.
 10062 | D:11     | Found a staircase to the Lair.
 10124 | D:11     | Noticed a cyclops
 10339 | D:11     | Noticed Lodul
 10592 | D:11     | Killed a cyclops
 10593 | D:11     | Reached skill level 5 in Armour
 10593 | D:11     | Reached skill level 5 in Dodging
 11098 | D:11     | Noticed Grum
 11181 | D:11     | Noticed a two-headed ogre
 11192 | D:11     | Killed a two-headed ogre
 11193 | D:11     | Reached skill level 1 in Invocations
 11320 | D:11     | Reached ****** piety under Uskayaw
 11516 | D:11     | Killed Grum
 11611 | D:11     | Reached skill level 12 in Short Blades
 11673 | Lair:1   | Entered Level 1 of the Lair of Beasts
 11673 | Lair:1   | Noticed a death yak
 11673 | Lair:1   | Noticed a death yak
 11673 | Lair:1   | Noticed a death yak
 11674 | Lair:1   | Noticed a death yak
 11748 | D:12     | Noticed a brown ugly thing
 11759 | D:12     | Killed a brown ugly thing
 11769 | D:12     | Noticed a skeletal warrior
 11770 | D:12     | Noticed a skeletal warrior
 11835 | D:12     | Noticed a boulder beetle
 11857 | D:12     | Killed a boulder beetle
 11858 | D:12     | Reached XP level 12. HP: 60/60 MP: 15/15
 11986 | D:12     | Found a runed translucent door.
 12101 | D:11     | HP: 2/61 [burnt (3)]
 12102 | D:11     | Incinerated by a deep elf pyromancer

Illustrated notes

Levels and vault maps discovered:
D:1:      minmay_arrival_up_and_down, layout_basic,
          chequers_ecumenical_altar_simple
D:2:      minmay_alternating_diamond, layout_rooms, uniq_sigmund
D:3:      layout_loops_corners, mainiacjoe_overflow_tiny_flanked, corexii_shack
D:4:      layout_loops_ring, zin_academy, minmay_misc_feat_plants
D:5:      layout_layer_cave, mainiacjoe_overflow_concentric_impassable,
          minmay_temple_entry_antechambers, chequers_serial_rivers_room_b,
          st_stairs_2, feat_on_display, uniq_duvessa, uniq_blork_the_orc,
          uniq_eustachio, uniq_crazy_yiuf_cottage
D:6:      nicolae_cairo_tiling_very_big, layout_loops_ring,
          dancing_weapons_uskayaw, marbit_many_paths
D:7:      layout_basic, grunt_temple_overflow_opulence,
          mainiacjoe_overflow_divided_tiny, serial_shops, shop, shop,
          grunt_ministairs_3
D:8:      layout_rooms, ashenzari_conservatory_becter,
          gammafunk_ghost_berserking_beasts, nrook_mini_backslash,
          minmay_misc_feat_more_columns, uniq_erica, uniq_jeremiah
D:9:      layout_basic, uniq_harold
D:10:     gammafunk_sealed_arena, layout_long_grid, kennysheep_mini,
          orc_david_3, uniq_maggie, uniq_snorg
D:11:     layout_basic, dpeg_oklobed_lair, special_room [special_room_orc],
          uniq_lodul, uniq_grum
D:12:     layout_cave_pools, ebering_ghost_reflecting_pool
Temple:   hellmonk_temple_of_storms
Lair:1:   layout_long_grid, serial_bayou_pond_c

Skill      XL: |  1  2  3  4  5  6  7  8  9 10 11 12 |
---------------+-------------------------------------+-----
Short Blades   | 2 3 4 5 7 10 12 | 12.3
Fighting       | 3 4 5 6 |  6.1
Dodging        | 1 2 3 4 5 |  5.0
Stealth        | 2 3 5 7 |  7.0
Shields        | 3 4 5 |  5.0
Armour         | 3 4 5 |  5.0
Throwing       | 2 5 |  5.0
Invocations    | 3 |  3.6

Action                     |  1- 3 |  4- 6 |  7- 9 | 10-12 || total
---------------------------+-------+-------+-------+-------++-------
  Melee: Rapier            |    12 |       |    37 |   333 ||   382
         Bite              |    17 |    56 |    87 |    91 ||   251
         Dagger            |    71 |   168 |   292 |       ||   531
  Throw: Dart              |       |       |     3 |     7 ||    10
         Boomerang         |       |       |     3 |     2 ||     5
    Use: Scroll            |       |    12 |    12 |     2 ||    26
         Potion            |       |       |       |     2 ||     2
   Stab: Sleeping          |       |     3 |    17 |    13 ||    33
         Paralysed         |       |       |    10 |    20 ||    30
         Distracted        |       |       |       |     2 ||     2
         Invisible         |       |       |       |     7 ||     7
 Armour: Scale mail        |    17 |       |       |       ||    17
         Ring mail         |    15 |    73 |   142 |       ||   230
         Steam dragon scal |       |       |     6 |    66 ||    72
         Acid dragon scale |       |       |       |    81 ||    81
  Dodge: Dodged            |    26 |    53 |   126 |   129 ||   334
  Block: Buckler           |    14 |    34 |    57 |    52 ||   157

Table legend: (Time is in decaauts)
 A = Elapsed time spent in this place.
 B = Non-inter-level travel time spent in this place.
 C = Inter-level travel time spent in this place.
 D = Time resting spent in this place.
 E = Time spent auto-exploring this place.
 F = Levels seen in this place.
 G = Mean time per level.
                   A        B        C        D        E       F      G
               +--------+--------+--------+--------+--------+-----+--------+
         Total |  11962 |  10681 |   1281 |    854 |   5229 |  14 |  854.4 |
       Dungeon |  11958 |  10678 |   1280 |    854 |   5229 |  12 |  996.5 |
        Temple |      1 |      1 |      0 |      0 |      0 |   1 |    1.0 |
          Lair |      1 |      1 |      0 |      0 |      0 |   1 |    1.0 |
               +--------+--------+--------+--------+--------+-----+--------+

Top non-repeatable levels by time:
    D:11: 1507 daAuts
     D:5: 1494 daAuts
    D:10: 1344 daAuts
     D:9: 1258 daAuts
     D:7: 1135 daAuts
     D:3: 1125 daAuts
     D:2: 857 daAuts
     D:4: 854 daAuts
     D:6: 825 daAuts
     D:8: 631 daAuts
     D:1: 596 daAuts
    D:12: 328 daAuts
  Lair:1: 1 daAuts
  Temple: 1 daAuts
